 Dungeon Crawl Stone Soup version 0.26-a0-606-g3c8f2f65f7 (webtiles) character file.

Game seed: 12600884304641390247

13174 GeoCrane the Carver (level 11, -2/97 HPs)
             Began as a Minotaur Fighter on Sept 2, 2020.
             Was a High Priest of Okawaru.
             Slain by a skeletal warrior
             ... wielding a +1 war axe of freezing
             ... led by a skeletal warrior
              (9 damage)
             ... on level 11 of the Dungeon.
             The game lasted 00:41:53 (11038 turns).

GeoCrane the Carver (Minotaur Fighter)             Turns: 11038, Time: 00:41:54

Health: -2/97      AC: 15    Str: 25    XL:     11   Next: 72%
Magic:  10/10      EV:  5    Int:  5    God:    Okawaru [*****.]
Gold:   227        SH: 10    Dex:  9    Spells: 10/10 levels left

rFire    . . .     SeeInvis .   a - +6 long sword of Jyli {venom, rN+}
rCold    . . .     Faith    .   c - +1 kite shield
rNeg     + . .     Spirit   .   y - +0 plate armour
rPois    .         Reflect  .   (helmet restricted)
rElec    .         Harm     .   u - scarf {+Inv}
rCorr    .                      (no gloves)
MR       ++...                  (no boots)
Stlth    ..........             m - amulet of regeneration
HPRegen  0.66/turn              f - ring of protection from magic
MPRegen  0.12/turn              A - ring of protection from magic

@: about to teleport
A: retaliatory headbutt, horns 2
a: Heroism, Finesse, Renounce Religion, Evoke Invisibility


You were on level 11 of the Dungeon.
You worshipped Okawaru.
Okawaru was extremely pleased with you.
You visited 3 branches of the dungeon, and saw 13 of its levels.

You collected 817 gold pieces.
You spent 590 gold pieces at shops.

Inventory:

Hand Weapons
 a - the +6 long sword of Jyli (weapon) {venom, rN+}
   (You bought it in a shop on level 7 of the Dungeon)

   It poisons the flesh of those it strikes.
   It protects you from negative energy.
 b - a +3 shortbow
Missiles
 q - 2 throwing nets
 x - 47 poisoned darts (quivered)
 C - 52 arrows
Armour
 c - a +1 kite shield (worn)
 u - a scarf of invisibility (worn)
 y - a +0 plate armour (worn)
Jewellery
 f - a ring of protection from magic (left hand)
 m - an amulet of regeneration (around neck)
 p - an uncursed ring of flight
 v - an uncursed ring of wizardry
 A - a ring of protection from magic (right hand)
Wands
 r - a wand of flame (42)
 t - a wand of random effects (78)
Scrolls
 g - 4 scrolls of identify
 h - 3 scrolls of teleportation
 k - a scroll of magic mapping
 o - 4 scrolls of remove curse
 D - a scroll of blinking
 E - a scroll of noise {unknown}
Potions
 d - 2 potions of might
 e - 4 potions of heal wounds
 i - a potion of berserk rage
 j - 2 potions of cancellation
 l - 2 potions of flight
 n - 5 potions of curing
 s - a potion of lignification
 w - 13 potions of degeneration
 z - 4 potions of haste
 B - 2 potions of ambrosia


   Skills:
 + Level 9.0 Fighting
 - Level 14.0 Long Blades
 * Level 11.9 Armour
 - Level 3.6 Shields
 * Level 8.0 Evocations


You had 10 spell levels left.
You didn't know any spells.
Your spell library contained the following spells:

 Spells                   Type           Power        Failure   Level
 Animate Skeleton         Necr           #.....       100%        1
 Apportation              Tloc           #.....       100%        1
 Corona                   Hex            #......      100%        1
 Summon Small Mammal      Summ           #...         100%        1
 Slow                     Hex            #.......     100%        2
 Inner Flame              Hex/Fire       #.......     100%        3
 Portal Projectile        Hex/Tloc       #.....       100%        3
 Cause Fear               Hex            #.........   100%        4
 Leda's Liquefaction      Hex/Erth       #.........   100%        4
 Bolt of Magma            Conj/Fire/Erth #.........   100%        5
 Iskenderun's Battlesphe  Conj           #.......     100%        5
 Iron Shot                Conj/Erth      #.........   100%        6
 Orb of Destruction       Conj           #.........   100%        7
 Spellforged Servitor     Conj/Summ      #.........   100%        7


Dungeon Overview and Level Annotations

Branches:
Dungeon (11/15)            Temple (1/1) D:5            Lair (1/6) D:8
    Orc (0/2) D:10

Altars:
Ashenzari
Cheibriados
Dithmenos
Elyvilon
Fedhas
Gozag
Hepliaklqana
Kikubaaqudgha
Makhleb
Nemelex Xobeh
Okawaru
Qazlal
Ru
Sif Muna
Trog
Uskayaw
Vehumet
Wu Jian
Xom
Yredelemnul
Zin
The Shining One

Shops:
D:5 (   D:7 (

Annotations:
D:7 5 runed translucent doors
D:11 1 runed translucent door


Innate Abilities, Weirdness & Mutations

You reflexively headbutt those who attack you in melee.
You have a pair of horns on your head.


Message History

The skeletal warrior is almost destroyed.
The skeletal warrior hits you with a +1 war axe of freezing.
* * * LOW HITPOINT WARNING * * *
The skeletal warrior freezes you.
* * * LOW HITPOINT WARNING * * *
You block the skeletal warrior's attack.
You hit the skeletal warrior but do no damage.
The skeletal warrior is almost destroyed.
You block the skeletal warrior's attack.
Your plate armour prevents you from hitting the skeletal warrior.
The skeletal warrior is almost destroyed.
A skeletal warrior comes into view. It is wielding a +0 flail.
The skeletal warrior hits you with a +0 war axe!
* * * LOW HITPOINT WARNING * * *
As you read the scroll of teleportation, it crumbles to dust.
You feel strangely unstable.
The skeletal warrior hits you with a +1 war axe of freezing!!
* * * LOW HITPOINT WARNING * * *
The skeletal warrior freezes you!
You die...

.....#### #. ........#
#. ....#.## #. ..... #.
#)$# #. #)# ..#######.
#)# #.....†... #(##
#########. #@z##### ##
.####z.(..# #
.....>z..#.## ####
##.#####....### ##)..
#.....###....####).##
###...#[.......)##
####..............##
#####....####..#####..#
#.....#### ##........#


You could see 3 skeletal warriors.

Vanquished Creatures
  A two-headed ogre (D:9)
  A skeletal warrior (D:11)
  An unseen horror (D:11)
  A deep elf mage (D:9)
  A cyclops (D:9)
  A black mamba (Lair:1)
  A cane toad (Lair:1)
  2 trolls (D:11)
  Grinder (D:6)
  3 blink frogs (Lair:1)
  3 hippogriffs
  A vampire (D:8)
  18 yaks
  3 steam dragons (D:10)
  3 vampire mosquitoes (D:11)
  A water moccasin (D:9)
  4 porcupines
  An ice beast (D:5)
  2 black bears
  A swamp drake (D:10)
  5 orc warriors
  3 sky beasts
  An eye of draining (D:9)
  2 phantoms
  6 ogres
  5 centaurs
  4 bullfrogs
  3 scorpions
  4 wights (D:9)
  2 howler monkeys (D:5)
  4 hounds
  A bullfrog zombie (D:8)
  A centaur skeleton (D:4)
  5 orc priests
  5 jellies
  A gnoll shaman (D:4)
  Natasha (thrice) (D:4)
  3 iguanas
  11 orc wizards
  4 worker ants
  2 hound skeletons
  A hound zombie (D:5)
  2 worker ant zombies
  9 gnolls
  A howler monkey zombie (D:8)
  17 adders
  A shadow imp (D:6)
  A white imp (D:9)
  2 ufetubi
  3 oozes
  An adder skeleton (D:5)
  4 worms
  3 dart slugs
  5 leopard geckos
  52 orcs
  14 giant cockroaches
  7 goblins
  10 hobgoblins
  16 jackals
  3 quokkas
  7 bats
  6 frilled lizards
  9 kobolds
  8 rats
307 creatures vanquished.

Vanquished Creatures (others)
  17 fungi (D:8)
  16 plants (D:8)
33 creatures vanquished.

Grand Total: 340 creatures vanquished

Notes
Turn   | Place    | Note
-------+----------+-------------------------------------------
     0 | D:1      | GeoCrane the Minotaur Fighter began the quest for the Orb.
     0 | D:1      | Reached XP level 1. HP: 19/19 MP: 0/0
   138 | D:1      | Reached skill level 3 in Long Blades
   141 | D:1      | Reached XP level 2. HP: 26/26 MP: 1/1
   244 | D:1      | Reached skill level 4 in Long Blades
   639 | D:1      | Reached XP level 3. HP: 31/31 MP: 2/2
   985 | D:2      | Reached skill level 5 in Long Blades
   997 | D:2      | Found a blossoming altar of Fedhas.
  1040 | D:2      | Reached XP level 4. HP: 39/39 MP: 3/3
  1271 | D:2      | Reached skill level 6 in Long Blades
  1650 | D:3      | Reached XP level 5. HP: 43/45 MP: 4/4
  2075 | D:3      | Reached skill level 7 in Long Blades
  2530 | D:4      | Noticed Natasha
  2536 | D:4      | Killed Natasha
  2536 | D:4      | Reached XP level 6. HP: 51/51 MP: 5/5
  2574 | D:4      | Reached skill level 8 in Long Blades
  2590 | D:4      | HP: 2/51 [gnoll/+0 spear (2)]
  2933 | D:4      | Found a snail-covered altar of Cheibriados.
  2962 | D:4      | Noticed Natasha
  2971 | D:4      | Killed Natasha
  3294 | D:4      | Found an iron altar of Okawaru.
  3300 | D:4      | Became a worshipper of Warmaster Okawaru
  3331 | D:4      | Noticed Natasha
  3344 | D:4      | Killed Natasha
  3715 | D:4      | Reached skill level 9 in Long Blades
  3825 | D:5      | Entered Level 5 of the Dungeon
  3850 | D:5      | Reached XP level 7. HP: 46/57 MP: 6/6
  3944 | D:5      | Reached * piety under Okawaru
  3944 | D:5      | Reached skill level 10 in Long Blades
  4097 | D:5      | Reached skill level 11 in Long Blades
  4126 | D:5      | Found Kal Muohou's Weapon Emporium.
  4164 | D:5      | Reached XP level 8. HP: 64/64 MP: 7/7
  4173 | D:5      | Found a shattered altar of Ashenzari.
  4205 | D:5      | Found a shadowy altar of Dithmenos.
  4361 | D:5      | Found a staircase to the Ecumenical Temple.
  4402 | Temple   | Entered the Ecumenical Temple
  4987 | D:6      | Reached ** piety under Okawaru
  5190 | D:6      | Reached skill level 12 in Long Blades
  5336 | D:6      | Noticed Grinder
  5348 | D:6      | Killed Grinder
  5464 | D:6      | You fall into a shaft and drop 3 floors!
  5464 | D:9      | Found a hazy altar of Hepliaklqana.
  5544 | D:9      | Reached skill level 13 in Long Blades
  5556 | D:9      | Reached XP level 9. HP: 65/70 MP: 8/8
  5576 | D:9      | Reached *** piety under Okawaru
  5576 | D:9      | Reached skill level 14 in Long Blades
  5921 | D:8      | Reached skill level 1 in Evocations
  5974 | D:8      | Reached skill level 5 in Armour
  6140 | D:8      | Reached skill level 5 in Fighting
  6472 | D:6      | Found a snail-covered altar of Cheibriados.
  6710 | D:7      | Found the +9 staff of Olgreb {rPois∞}
  6712 | D:7      | Found a runed translucent door.
  6721 | D:7      | Found a runed translucent gate.
  6721 | D:7      | Found a runed translucent gate.
  6722 | D:7      | Found a runed translucent door.
  6732 | D:7      | Found a runed translucent gate.
  6805 | D:7      | Found an ancient bone altar of Kikubaaqudgha.
  6815 | D:7      | Found Hugokid's Weapon Emporium.
  6990 | D:7      | Found a burning altar of Makhleb.
  6993 | D:7      | Found a glowing silver altar of Zin.
  6993 | D:7      | Noticed an angel
  7006 | D:7      | Noticed a green death
  7104 | D:7      | Reached **** piety under Okawaru
  7180 | D:7      | Found a bloodstained altar of Trog.
  7180 | D:7      | Found a stormy altar of Qazlal.
  7182 | D:7      | Found a shimmering blue altar of Sif Muna.
  7653 | D:8      | Reached XP level 10. HP: 83/83 MP: 9/9
  7685 | D:8      | Found a staircase to the Lair.
  7879 | D:8      | Found a basalt altar of Yredelemnul.
  8139 | D:9      | Noticed a two-headed ogre
  8157 | D:9      | Killed a two-headed ogre
  8369 | D:9      | Found a white marble altar of Elyvilon.
  8430 | D:9      | Noticed a cyclops
  8938 | D:10     | Entered Level 10 of the Dungeon
  9081 | D:9      | Killed a cyclops
  9081 | D:9      | Reached skill level 5 in Evocations
  9182 | D:7      | Bought the +6 long sword of Jyli {venom, rN+} for 590 gold
                  | pieces
  9261 | Lair:1   | Entered Level 1 of the Lair of Beasts
  9273 | Lair:1   | Reached ***** piety under Okawaru
  9368 | Lair:1   | Noticed a black mamba
  9375 | Lair:1   | Killed a black mamba
  9433 | Lair:1   | Noticed a cane toad
  9441 | Lair:1   | Reached skill level 10 in Armour
  9444 | Lair:1   | Killed a cane toad
  9623 | Lair:1   | Reached XP level 11. HP: 87/93 MP: 10/10
  9624 | Lair:1   | Noticed an eight-headed hydra
  9856 | D:10     | Got a masterwork leather armour
  9867 | D:10     | Identified the cursed +1 leather armour of Gauluz {+Blink}
                  | (You found it on level 10 of the Dungeon)
  9873 | D:10     | Noticed a deep elf mage
  9883 | D:9      | Killed a deep elf mage
 10086 | D:10     | Found a staircase to the Orcish Mines.
 10135 | D:10     | Received a gift from Okawaru
 10511 | D:10     | You fall into a shaft and drop 1 floor!
 10784 | D:11     | Found a runed translucent door.
 10843 | D:11     | Killed an unseen horror
 11011 | D:11     | Noticed a skeletal warrior
 11024 | D:11     | Noticed a skeletal warrior
 11026 | D:11     | Killed a skeletal warrior
 11029 | D:11     | Noticed a skeletal warrior
 11037 | D:11     | Noticed a skeletal warrior
 11038 | D:11     | Slain by a skeletal warrior

Illustrated notes

Levels and vault maps discovered:
D:1:      minmay_arrival_statue_studded, layout_basic
D:2:      minmay_roachtagon, layout_basic, fedhas_altar_fruit_tree
D:3:      layout_loops_ring, minmay_misc_feat_enclosed
D:4:      layout_gridville, lemuel_round_altar, kennysheep_slug_shrine,
          uniq_natasha
D:5:      layout_loops_ring, minmay_temple_entry_sparse_star, serial_shops,
          shop_statue, basic_altar, nicolae_dithmenos_through_a_glass_darkly
D:6:      minmay_skewed_foursquare, layout_gridville, basic_altar, uniq_grinder
D:7:      layout_cave_pods, grunt_temple_overflow_order_and_chaos_2,
          grunt_temple_overflow_open, old_standard_altar, serial_shops,
          nicolae_shop_crystal, minmay_guarded_unrand_staff_of_olgreb
D:8:      layout_gridville, lemuel_doored_altar, grunt_lair_entry_orc_guard_hut
D:9:      layout_loops_ring, old_standard_altar, overflow_temple_1_default,
          minmay_radiant
D:10:     cheibrodos_steamvent, layout_rooms, erik_orc_1
D:11:     cheibrodos_histonic, layout_rooms, uniq_fannar
Temple:   compressed_dpeg_circular_temple
Lair:1:   wander_river, layout_loops_ring

Skill      XL: |  1  2  3  4  5  6  7  8  9 10 11 |
---------------+----------------------------------+-----
Long Blades    | 3 4 5 6 7 9 11 13 14 | 14.0
Armour         | 7 10 11 | 11.9
Fighting       | 5 7 9 |  9.0
Evocations     | 3 6 8 |  8.0
Shields        | |  3.6

Action                   |  1- 3 |  4- 6 |  7- 9 | 10-12 || total
-------------------------+-------+-------+-------+-------++-------
Melee: Long sword        |    68 |   203 |   298 |   406 ||   975
       Headbutt          |    12 |    37 |    80 |    89 ||   218
Throw: Throwing net      |       |     1 |       |     1 ||     2
       Dart              |       |       |       |    14 ||    14
 Abil: Evoke Blink       |       |       |       |     1 ||     1
  Use: Scroll            |       |       |    12 |    11 ||    23
       Potion            |       |       |       |     3 ||     3
 Stab: Confused          |       |       |       |     1 ||     1
Armor: Scale mail        |    13 |    82 |    13 |       ||   108
       Plate armour      |       |       |    78 |   167 ||   245
       Leather armour    |       |       |       |     1 ||     1
Dodge: Dodged            |    20 |    69 |    39 |    47 ||   175
Block: Kite shield       |    25 |   115 |    95 |   157 ||   392
       Rpst.: Long sword |     3 |    21 |    13 |    10 ||    47

Table legend: (Time is in decaauts)
 A = Elapsed time spent in this place.
 B = Non-inter-level travel time spent in this place.
 C = Inter-level travel time spent in this place.
 D = Time resting spent in this place.
 E = Time spent auto-exploring this place.
 F = Levels seen in this place.
 G = Mean time per level.
                   A        B        C        D        E       F      G
               +--------+--------+--------+--------+--------+-----+--------+
         Total |  10957 |  10348 |    609 |    574 |   7809 |  13 |  842.8 |
       Dungeon |  10436 |   9842 |    594 |    574 |   7384 |  11 |  948.7 |
        Temple |    131 |    116 |     15 |      0 |    116 |   1 |  131.0 |
          Lair |    388 |    388 |      0 |      0 |    309 |   1 |  388.0 |
               +--------+--------+--------+--------+--------+-----+--------+

Top non-repeatable levels by time:
     D:4: 1328 daAuts
     D:8: 1255 daAuts
     D:9: 1159 daAuts
     D:7: 1130 daAuts
     D:5: 1065 daAuts
     D:2: 926 daAuts
     D:3: 880 daAuts
    D:10: 769 daAuts
     D:6: 748 daAuts
     D:1: 734 daAuts
    D:11: 437 daAuts
  Lair:1: 388 daAuts
  Temple: 131 daAuts
